Map: Ephemeron LE

Players

Elazer

  • Race: Zerg Zerg
  • Spawn Location: 11:00

Solar - Winner!

  • Race: Zerg Zerg
  • Spawn Location: 5:00

Event: IEM Katowice 2020

VOD

Have the link to the VOD?

Description

Time

  • Played on: Feb. 28, 2020, 5:21 a.m.
  • Length: 3:02

All games in this series

Show
View Real Time Build Order
Export as new Build Order

Elazer Zerg 

Build Orders: Pool Only 

Get SALT Encoding   

  12  0:16  Spawning Pool  
  11  0:21  Drone  
  11  0:26  Drone  
  13  0:30  Drone  
  14  0:59  Overlord  
  14  1:18  Zergling x6  
  17  1:30  Zergling x2  
  18  1:40  Zergling x2  
  19  1:51  Zergling x2  
  20  2:02  Spine Crawler  
  20  2:03  Spine Crawler  
  20  2:04  Zergling x2, Spine Crawler  
  13  2:39  Zergling x2  
Show
View Real Time Build Order
Export as new Build Order

Solar Zerg - Winner!

Build Orders: Hatch First 

Get SALT Encoding   

  12  0:01  Drone  
  13  0:13  Overlord  
  13  0:16  Drone  
  14  0:31  Drone x2  
  16  0:49  Hatchery  
  15  0:51  Drone  
  15  0:54  Drone  
  17  0:58  Drone  
  18  1:08  Extractor  
  17  1:14  Spawning Pool  
  17  1:16  Drone  
  17  1:19  Drone  
  18  1:29  Drone  
  19  1:40  Drone  
  20  1:59  Evolution Chamber  
  20  2:01  Zergling x4  
  20  2:03  Zergling x2, Queen x2  
  26  2:13  Zergling x4  
  25  2:42  Zergling x4  

Tags
 
Add a new tag
Caveats
  • Supply blocks, unpowered buildings, or Contaminate may cause inaccurate times.
  • Supply counts are checked every 10 seconds.